 Dungeon Crawl Stone Soup version 0.25-a0-1133-g93ebf73 (webtiles) character file.

Game seed: 7360631399691105810, levelgen mode: deterministic

133 thirtiethelement the Stinger (level 5, 0/28 HPs)
             Began as an Octopode Venom Mage on May 21, 2020.
             Was an Initiate of Hepliaklqana.
             Slain by a worm (12 damage)
             ... on level 3 of the Dungeon.
             The game lasted 00:11:06 (1909 turns).

thirtiethelement the Stinger (Octopode Venom Mage)  Turns: 1909, Time: 00:11:07

Health: 0/28       AC:  1    Str:  8    XL:     5   Next: 16%
Magic:  9/9        EV: 14    Int: 18    God:    Hepliaklqana [......]
Gold:   90         SH:  0    Dex: 12    Spells: 8/9 levels left

rFire    . . .     SeeInvis .   g - +0 dagger
rCold    . . .     Gourm    .   (no shield)
rNeg     . . .     Faith    +   (helmet restricted)
rPois    .         Spirit   .   m - amulet of faith
rElec    .         Reflect  .   (no ring)
rCorr    .         Harm     .   (no ring)
MR       .....                  (no ring)
Stlth    +++.......             (no ring)
HPRegen  0.09/turn              (no ring)
MPRegen  0.11/turn              (no ring)
                                (no ring)
                                (no ring)

@: no status effects
A: almost no armour, stealthy swim, amphibious, 8 rings, constrict 8, reduced
essence, camouflage 1, gelatinous body 1
a: Recall Ancestor, Ancestor Identity, Renounce Religion


You were on level 3 of the Dungeon.
You worshipped Hepliaklqana.
Hepliaklqana was noncommittal.
You were not hungry.

You visited 1 branch of the dungeon, and saw 3 of its levels.

You collected 90 gold pieces.

Inventory:

Hand Weapons
 g - a +0 dagger (weapon)
Jewellery
 m - an amulet of faith (around mantle)
Scrolls
 a - a scroll of magic mapping {unknown}
 d - a scroll of immolation {unknown}
 e - 2 scrolls of identify {unknown}
 h - 2 scrolls of remove curse {unknown}
 i - a scroll of teleportation {unknown}
 j - a scroll of blinking {unknown}
 l - a scroll of amnesia {unknown}
 n - a scroll of enchant weapon {unknown}
Potions
 c - a potion of flight {unknown}
 f - 3 potions of curing {unknown}
 k - a potion of cancellation {unknown}
Comestibles
 b - 5 rations


   Skills:
 + Level 0.9 Fighting
 + Level 1.1 Short Blades
 + Level 2.7 Dodging
 + Level 3.9 Stealth
 + Level 0.3 Unarmed Combat
 + Level 2.7 Spellcasting
 + Level 1.4 Transmutations
 + Level 4.4 Poison Magic


You had 8 spell levels left.
You knew the following spells:

 Your Spells              Type           Power        Failure   Level  Hunger
a - Sting                 Tmut/Pois      ##..         4%          1    None

Your spell library contained the following spells:

 Spells                   Type           Power        Failure   Level  Hunger
 Poisonous Vapours        Pois/Air       ##....       10%         2    ##.....
 Ignite Poison            Fire/Tmut/Pois #.......     22%         3    ###....
 Mephitic Cloud           Conj/Pois/Air  #.......     26%         3    ###....
 Olgreb's Toxic Radiance  Pois           ###.....     26%         4    ####...


Dungeon Overview and Level Annotations

Branches:
Dungeon (3/15)

Altars:
Dithmenos
Hepliaklqana


Innate Abilities, Weirdness & Mutations

You cannot wear most types of armour.
You are very stealthy in the water. (Stealth+)
You are amphibious.
You can wear up to eight rings at the same time.
You can use your tentacles to constrict eight enemies at once.
Your skin changes colour to match your surroundings (Stealth+).
Your rubbery body absorbs attacks. (AC +1, EV +1)
Your life essence is reduced to manifest your ancestor. (-10% HP)


Message History

The goblin closely misses you.
You closely miss the goblin. Your grab misses the goblin.
The goblin closely misses you.
You hit the goblin but do no damage. Your grab misses the goblin.
You squeeze the goblin.
You kill the goblin!
A bat comes into view.
The bat misses you. The bat hits you. x2
You hit the bat.
You kill the bat!
A worm comes into view.
The worm bites you!
You hit the worm. You grab the worm.
The worm is lightly wounded.
You constrict the worm. You hit the worm but do no damage.
The worm is moderately wounded.
You constrict the worm. The worm bites you!
You die...

### ..# #.# # #.# #
#.##.###.# #....R@w.#
####.##### #.# #.#
#+## #.# ##...##
#.####### ##.....##
#.......# ##.......##
###.###.#
##.........####..†##.#


You could see the friendly Beorhtric the ancestor and a worm.

Vanquished Creatures
  An orc priest (D:3)
  2 adders
  An ooze (D:1)
  A worm (D:2)
  A dart slug (D:1)
  6 leopard geckos
  4 orcs
  2 giant cockroaches (D:2)
  7 hobgoblins
  3 quokkas
  6 bats
  6 frilled lizards
  6 goblins
  7 kobolds (D:1)
  3 rats
56 creatures vanquished.

Vanquished Creatures (collateral kills)
  2 worms
  A leopard gecko (D:3)
  A rat (D:3)
4 creatures vanquished.

Vanquished Creatures (others)
  An ancestor (D:3)
1 creature vanquished.

Grand Total: 61 creatures vanquished

Notes
Turn   | Place    | Note
-------+----------+-------------------------------------------
     0 | D:1      | thirtiethelement the Octopode Venom Mage began the quest
                  | for the Orb.
     0 | D:1      | Reached XP level 1. HP: 11/11 MP: 3/3
   102 | D:1      | Reached skill level 4 in Poison Magic
   102 | D:1      | Reached XP level 2. HP: 17/17 MP: 5/5
   578 | D:1      | Reached XP level 3. HP: 18/21 MP: 0/6
  1369 | D:2      | Found a hazy altar of Hepliaklqana.
  1377 | D:2      | Became a worshipper of Hepliaklqana the Forgotten
  1455 | D:2      | Found a shadowy altar of Dithmenos.
  1470 | D:2      | Reached XP level 4. HP: 24/24 MP: 7/7
  1722 | D:3      | Reached skill level 1 in Short Blades
  1809 | D:3      | Reached XP level 5. HP: 24/28 MP: 9/9
  1909 | D:3      | Slain by a worm

Illustrated notes

Levels and vault maps discovered:
D:1:      lemuel_arrival_behind_the_door_large, layout_rooms,
          minmay_statues_item, minmay_crystal_water, nrook_mini_vaults,
          minmay_pentomino_r2
D:2:      layout_loops_ring, old_standard_altar, first_ration,
          serial_bayou_lagoon_a, grunt_dithmenos_smoke
D:3:      layout_loops_corners, uniq_ijyb, uniq_natasha

Skill      XL: |  1  2  3  4 |
---------------+-------------+-----
Poison Magic   | 4 |  4.4
Stealth        | 3 |  3.9
Short Blades   | 1 |  1.1
Fighting       | |  0.9
Dodging        | |  2.7
Unarmed Combat | |  0.3
Spellcasting   | |  2.7
Transmutations | |  1.4

Action                   |  1- 3 |  4- 6 || total
-------------------------+-------+-------++-------
Melee: Unarmed           |    30 |       ||    30
       Tentacles         |    17 |     7 ||    24
       Constrict         |    23 |    11 ||    34
       Dagger            |    64 |    40 ||   104
       Punch             |       |     1 ||     1
 Cast: Sting             |    22 |     3 ||    25
 Stab: Sleeping          |     8 |     2 ||    10
       Distracted        |       |     1 ||     1
  Eat: Ration            |     1 |       ||     1
Armor: Skin              |     4 |       ||     4
Dodge: Dodged            |    58 |    26 ||    84

Table legend:
 A = Non-vault XP
 B = Vault XP
 C = Vault XP percentage of total XP
 D = Non-vault monster count
 E = Vault monster count
 F = Vault count percentage of total count
                 A         B        C        D         E       F
            +---------+---------+-------+---------+---------+-------
      Total |     188 |       2 |   1.1 |      58 |       2 |   3.3
            +---------+---------+-------+---------+---------+-------
        D:1 |      53 |       2 |   3.6 |      27 |       2 |   6.9
        D:2 |      49 |       0 |   0.0 |      17 |       0 |   0.0
        D:3 |      86 |       0 |   0.0 |      14 |       0 |   0.0
            +---------+---------+-------+---------+---------+-------
